 Dungeon Crawl Stone Soup version 0.18.1-48-g4cf74bf (webtiles) character file.

575 OTRawrior the Digger (level 7, -1/36 HPs)
             Began as a Gargoyle Earth Elementalist on Aug 14, 2016.
             Slain by a jackal (3 damage)
             ... on level 5 of the Dungeon.
             The game lasted 00:09:48 (5502 turns).

OTRawrior the Digger (Gargoyle Earth Elementalist)  Turns: 5502, Time: 00:09:49

Health: -1/36      AC:  6    Str: 12    XL:     7   Next: 35%
Magic:  1/5        EV: 12    Int: 17    God:
Gold:   137        SH:  0    Dex: 10    Spells: 3 memorised, 8 levels left

rFire  . . .     SeeInvis +     I - +3 short sword (antimagic)
rCold  + . .     Gourm    .     a - +0 robe
rNeg   + . .     Faith    .     (no shield)
rPois  ∞         Spirit   .     (no helmet)
rElec  +         Dismiss  +     (no cloak)
rCorr  .         Reflect  .     (no gloves)
SustAt .         Harm     .     (no boots)
MR     .....                    F - amulet of dismissal
Stlth  ++........               k - ring of protection from cold
                                i - ring of see invisible

@: not resistant to hostile enchantments, unstealthy
A: negative energy resistance 1, electricity resistance, unbreathing,
petrification resistance, rot immunity, AC +4
a: no special abilities


You were on level 5 of the Dungeon.
You were not hungry.

You visited 1 branch of the dungeon, and saw 5 of its levels.

You collected 137 gold pieces.

Inventory:

Hand Weapons
 e - a +0 whip
 x - a +0 mace
 z - a +0 flail
 A - a +2 mace of draining
 I - a +3 antimagic short sword (weapon)
Missiles
 b - 195 stones (quivered)
Armour
 a - a +0 robe (worn)
Jewellery
 i - a ring of see invisible (left hand)
 k - a ring of protection from cold (right hand)
 l - a +3 ring of strength
 B - an uncursed amulet of rage
 F - an amulet of dismissal (around neck)
Wands
 o - a wand of acid (9/15)
 G - a wand of random effects (32/48)
Scrolls
 f - a scroll of immolation {unknown}
 j - a scroll of magic mapping {unknown}
 n - a scroll of identify {unknown}
 s - a scroll of blinking {unknown}
 v - a scroll of noise {unknown}
 y - 2 scrolls of remove curse {unknown}
 D - a scroll of recharging {unknown}
 E - a scroll of amnesia {unknown}
Potions
 g - a potion of heal wounds {unknown}
 h - a potion of degeneration {unknown}
 m - a potion of agility {unknown}
 q - a potion of flight {unknown}
 r - 2 potions of might {unknown}
 t - 4 potions of curing {unknown}
 u - a potion of cure mutation {unknown}
Books
 c - a book of Geomancy

   Spells                             Type                      Level
   a - Sandblast                      Earth                        1
   b - Passwall                       Transmutation/Earth          2
   c - Stone Arrow                    Conjuration/Earth            3
   d - Petrify                        Transmutation/Earth          4
   e - Lee's Rapid Deconstruction     Earth                        5
 C - a book of Conjurations

   Spells                             Type                      Level
   a - Magic Dart                     Conjuration                  1
   b - Searing Ray                    Conjuration                  2
   c - Dazzling Spray                 Conjuration/Hexes            3
   d - Fulminant Prism                Conjuration/Hexes            4
   e - Iskenderun's Mystic Blast      Conjuration                  4
   f - Iskenderun's Battlesphere      Conjuration/Charms           5
Comestibles
 d - 3 bread rations
 p - a beef jerky
 w - 2 meat rations
 H - 2 chunks of flesh


   Skills:
 - Level 1.5 Dodging
 - Level 2.1 Stealth
 * Level 5.6 Spellcasting
 + Level 2.3 Conjurations
   Level 0.7 Transmutations
 + Level 6.2 Earth Magic


You had 8 spell levels left.
You knew the following spells:

 Your Spells              Type           Power        Failure   Level  Hunger
a - Sandblast             Erth           ####..       1%          1    None
b - Stone Arrow           Conj/Erth      ###...       10%         3    ##.....
c - Lee's Rapid Deconstr  Erth           ####......   30%         5    ######.


Dungeon Overview and Level Annotations

Branches:
Dungeon (5/15)
 Temple: D:4-7

Altars:
Okawaru
Xom

Annotations:
D:5 Dowan, Edmund


Innate Abilities, Weirdness & Mutations

You are resistant to torment.
Your stone body is resilient (AC +4).
You are immune to poison.
You resist negative energy.
You are resistant to electric shocks.
You can survive without breathing.
You are immune to petrification.
You are immune to rotting.


Message History

The floor.
I - an antimagic short sword The jackal bites you but does no damage.
Wield which item (- for none, * to show all)? (? for menu, Esc to quit)
You feel magic leave you.
I - a +3 antimagic short sword (weapon)
Dowan gestures at you while chanting. The stone arrow misses you.
The stone arrow hits the jackal.
The jackal dies!
You closely miss Dowan.
Dowan is severely wounded.
Dowan casts a spell at you. The shard of ice hits you! You partially resist.
Ouch! That really hurt!
* * * LOW HITPOINT WARNING * * *
The jackal closely misses you. Dowan hits you but does no damage.
You puncture Dowan!
Dowan's magic leaks into the air.
Dowan is almost dead.
The jackal barely misses you.
Dowan falters for a moment.
The jackal bites you.
You die...

#.# ..!.....# #.############
........############.............
........+............§...........
##......##.#.....................
#.......##...###.#.#..##..##...h.
#............# #...#............#
#............# #e###..e.........
.#......# #@# #......#......
#<.....# #h# #......#......
#................#...$.....
####.#.###.......#..#..#..# #.#.#
#.###.........#... ..... ... ...
##........ .. ....##.## # #.


You could see Dowan and a jackal.

Vanquished Creatures
  Duvessa (D:5)
  An ogre (D:4)
  A hound (D:3)
  2 orc priests (D:4)
  2 iguanas (D:4)
  3 orc wizards
  2 worker ants (D:4)
  3 adders
  2 worms
  A dart slug (D:2)
  A giant gecko (D:2)
  24 orcs
  2 bats
  2 giant cockroaches (D:1)
  8 goblins
  5 hobgoblins
  2 jackals (D:2)
  8 kobolds
  2 quokkas
  4 giant newts
  7 rats
83 creatures vanquished.

Vanquished Creatures (others)
  A jackal (D:5)
1 creature vanquished.

Grand Total: 84 creatures vanquished

Notes
Turn   | Place    | Note
--------------------------------------------------------------
     0 | D:1      | OTRawrior the Gargoyle Earth Elementalist began the quest for the Orb.
     0 | D:1      | Reached XP level 1. HP: 10/10 MP: 3/3
   404 | D:1      | Reached skill level 4 in Earth Magic
   410 | D:1      | Reached XP level 2. HP: 13/15 MP: 5/5
  1212 | D:2      | Reached XP level 3. HP: 14/19 MP: 4/6
  1220 | D:2      | Learned a level 3 spell: Stone Arrow
  2041 | D:3      | Reached XP level 4. HP: 13/24 MP: 6/8
  2640 | D:3      | Found an iron altar of Okawaru.
  2652 | D:3      | Reached skill level 5 in Earth Magic
  2653 | D:3      | Reached XP level 5. HP: 24/28 MP: 1/10
  2660 | D:3      | Learned a level 5 spell: Lee's Rapid Deconstruction
  3927 | D:4      | Reached XP level 6. HP: 24/32 MP: 8/12
  4393 | D:4      | Reached skill level 5 in Spellcasting
  4393 | D:4      | Reached skill level 1 in Conjurations
  4649 | D:4      | Found a shimmering altar of Xom.
  5273 | D:4      | Reached skill level 6 in Earth Magic
  5273 | D:4      | Reached XP level 7. HP: 36/36 MP: 4/15
  5429 | D:5      | Entered Level 5 of the Dungeon
  5429 | D:5      | Noticed Edmund
  5433 | D:5      | Noticed Duvessa
  5481 | D:5      | Noticed Dowan
  5493 | D:5      | Killed Duvessa
  5502 | D:5      | Slain by a jackal

Skill      XL: |  1  2  3  4  5  6 |
---------------+-------------------+-----
Earth Magic    | 4 5 6 |  6.2
Spellcasting   | 3 4 5 |  5.6
Conjurations   | 2 |  2.3
Dodging        | |  1.5
Stealth        | |  2.1
Transmutations | |  0.7

Action                   |  1- 3 |  4- 6 |  7- 9 || total
-------------------------+-------+-------+-------++-------
Melee: Whip              |    82 |    19 |       ||   101
       Mace              |       |    40 |     2 ||    42
       Flail             |       |    12 |       ||    12
       Short sword       |       |       |     2 ||     2
 Cast: Sandblast         |    29 |   120 |     2 ||   151
       Stone Arrow       |       |     2 |     5 ||     7
 Stab: Sleeping          |       |     1 |       ||     1
  Eat: Chunk             |     4 |     8 |     3 ||    15
Armor: Robe              |    29 |    51 |     9 ||    89
Dodge: Dodged            |    49 |   131 |    10 ||   190
